[Event "Titled Tuesday Blitz June 20 Late 2023"]
[White "Kopacz, Grzegorz"]
[Black "Stanisz, Patryk"]
[WhiteFideId "1109880"]
[BlackFideId "1123106"]
[WhiteElo "2037"]
[BlackElo "2069"]
[Result "0-1"]
[Round "11"]
[TimeControl "180+2"]
[Date "2023.06.20"]
[WhiteClock "0:00:10"]
[BlackClock "0:00:09"]
[Board "97"]

1. e4 c5 2. Nc3 a6 3. f4 b5 4. g3 Bb7 5. d3 e6 6. Bg2 d5 7. Nh3 d4 8. Ne2 Nf6 9. O-O Be7 10. f5 exf5 11. Rxf5 Nbd7 12. Qf1 g6 13. Rf2 Ne5 14. Bf4 Neg4 15. Rf3 h6 16. Nf2 Qd7 17. Nxg4 Nxg4 18. Bh3 f5 19. Bxg4 fxg4 20. Rf2 O-O-O 21. a4 b4 22. c3 dxc3 23. bxc3 Qxd3 24. cxb4 Qxe4 25. Rg2 Qxg2+ 26. Qxg2 Bxg2 27. Kxg2 g5 28. Be5 Rhe8 29. Rc1 Rd2 30. Kf1 Bf8 31. Ke1 Rxe2+ 32. Kxe2 Rxe5+ 33. Kd3 Kb7 34. bxc5 Bxc5 35. Rf1 Re6 36. Rf7+ Kb6 37. Kc4 Bg1 38. Kd5 Rc6 39. a5+ Kb5 40. Rb7+ Bb6 41. axb6 Rxb6 42. Re7 a5 43. Re2 a4 44. Rb2+ Ka5 45. Ra2 Rb3 46. Kc5 Rb1 47. Kc4 Rc1+ 48. Kd4 Kb4 49. Kd5 Rd1+ 50. Ke6 Kb3 51. Rf2 a3 52. Kf6 a2 53. Rxa2 Kxa2 54. Kf5 Rd2 55. Kxg4 Rxh2 56. Kf5 Rg2 57. Kg6 Rxg3 58. Kh7 g4 59. Kg8 Rg1 60. Kh8 g3 61. Kh7 g2 62. Kg8 Rh1 63. Kf8 g1=Q 64. Ke8 Qf2 65. Kd8 Re1 66. Kd7 Qd2+ 67. Kc8 Kb1 68. Kb7 Rc1 69. Kb8 Rc3 70. Kb7 Qb2+ 0-1


[Site "https://www.chess.com"]

[Event "Titled Tuesday Blitz June 20 Late 2023"]
[White "Bongo Akanga Ndjila, Barthelemy"]
[Black "Srdanovic, Jovana"]
[WhiteFideId "10609431"]
[BlackFideId "954810"]
[WhiteElo "1768"]
[BlackElo "2155"]
[Result "0-1"]
[Round "11"]
[TimeControl "180+2"]
[Date "2023.06.20"]
[WhiteClock "0:00:56"]
[BlackClock "0:01:57"]
[Board "98"]

1. d4 d5 2. c4 c6 3. Nc3 Nf6 4. Nf3 dxc4 5. e4 b5 6. Be2 e6 7. O-O Be7 8. d5 exd5 9. exd5 Nxd5 10. Ne4 O-O 11. a3 Nd7 12. Qc2 N7f6 13. Neg5 h6 14. Ne4 Nxe4 15. Qxe4 Bb7 16. Rd1 Qc7 17. Nd4 Rfe8 18. Nf5 Bg5 19. Qg4 Nf6 20. Qf3 c5 21. Qc3 Rxe2 22. Bxg5 hxg5 23. Qg3 Qxg3 24. hxg3 Ng4 25. f3 Ne3 26. Nxe3 Rxe3 27. Rd7 Rb8 28. Kf2 Rb3 29. Rd2 c3 30. bxc3 Rxc3 31. Re1 b4 32. axb4 cxb4 33. g4 b3 34. Rb2 a5 35. Kg3 a4 36. Re7 Rc2 37. Rb1 Bd5 38. Rd1 b2 39. Rxd5 b1=Q 40. Rdd7 Qf1 41. Rxf7 Qxg2# 0-1


[Site "https://www.chess.com"]

[Event "Titled Tuesday Blitz June 20 Late 2023"]
[White "Gyulamiryan-koryun"]
[Black "Skaric, Djuro"]
[BlackFideId "934569"]
[WhiteElo "1906"]
[BlackElo "2282"]
[Result "1-0"]
[Round "11"]
[TimeControl "180+2"]
[Date "2023.06.20"]
[WhiteClock "0:01:53"]
[BlackClock "0:01:01"]
[Board "99"]

1. e4 e6 2. d4 d5 3. Nd2 Nf6 4. e5 Nfd7 5. Bd3 c5 6. c3 Nc6 7. Ne2 Qb6 8. Nf3 f6 9. exf6 Nxf6 10. O-O Bd6 11. a3 cxd4 12. cxd4 O-O 13. b4 Ne4 14. Bb2 Bd7 15. Nc3 Nxc3 16. Bxc3 Rac8 17. Rc1 h6 18. Bb1 Rf6 19. Qd3 Kf7 20. Ne5+ Nxe5 21. dxe5 Bb5 22. Qg3 Rxc3 23. Qxc3 Bxf1 24. exf6 Bb5 25. fxg7 Qd8 26. Bh7 d4 27. g8=Q+ Qxg8 28. Bxg8+ Kxg8 29. Qxd4 1-0


[Site "https://www.chess.com"]

[Event "Titled Tuesday Blitz June 20 Late 2023"]
[White "Dmitriev, Sergey"]
[Black "Ricaurte Lopez, Juan Carlos"]
[WhiteFideId "14101785"]
[BlackFideId "3600327"]
[WhiteElo "2132"]
[BlackElo "2200"]
[Result "0-1"]
[Round "11"]
[TimeControl "180+2"]
[Date "2023.06.20"]
[WhiteClock "0:01:09"]
[BlackClock "0:01:21"]
[Board "100"]

1. d4 Nf6 2. Nf3 e6 3. Bf4 b6 4. h3 Bb7 5. Nbd2 c5 6. e3 Nc6 7. c3 Be7 8. Be2 O-O 9. O-O Nd5 10. Bh2 f5 11. Ne5 d6 12. Nxc6 Bxc6 13. e4 fxe4 14. Nxe4 Nf4 15. Bf3 Qd7 16. dxc5 bxc5 17. Qd2 Nxh3+ 18. Kh1 Rxf3 19. gxf3 Rf8 20. Kg2 e5 21. Rad1 Qf5 22. Ng3 Qxf3+ 23. Kxh3 Bd7# 0-1


[Site "https://www.chess.com"]

[Event "Titled Tuesday Blitz June 20 Late 2023"]
[White "White, John S."]
[Black "Burke, Paul"]
[WhiteFideId "2502348"]
[BlackFideId "2605767"]
[WhiteElo "2022"]
[BlackElo "1912"]
[Result "0-1"]
[Round "11"]
[TimeControl "180+2"]
[Date "2023.06.20"]
[WhiteClock "0:00:00"]
[BlackClock "0:00:48"]
[Board "101"]

1. e4 e5 2. Nf3 Nc6 3. Bb5 f5 4. d4 fxe4 5. Nxe5 Nxe5 6. dxe5 c6 7. Bc4 Qa5+ 8. Nc3 Qxe5 9. O-O d5 10. Be2 Nf6 11. f3 Bd6 12. g3 O-O 13. Bf4 Qe7 14. Bxd6 Qxd6 15. fxe4 Qc5+ 16. Kh1 dxe4 17. Rf4 Be6 18. Qf1 Bd5 19. Nxd5 cxd5 20. c3 Nd7 21. Rd1 Rxf4 22. Qxf4 Rf8 23. Qg4 Nf6 24. Qe6+ Kh8 25. Rf1 Qe3 26. Bg4 Qg5 27. Bh3 h6 28. Qe7 Re8 29. Qxb7 e3 30. Re1 e2 31. Qb5 Qd2 32. Rxe2 Qxe2 33. Bf1 Qxb5 34. Bxb5 Re1+ 35. Kg2 Rb1 36. Kf3 Rxb2 37. a4 Rxh2 0-1


[Site "https://www.chess.com"]

[Event "Titled Tuesday Blitz June 20 Late 2023"]
[White "Grabs, Peter"]
[Black "Sainz Aguirre, Ignacio"]
[WhiteFideId "16203887"]
[BlackFideId "5101727"]
[WhiteElo "1694"]
[BlackElo "1889"]
[Result "0-1"]
[Round "11"]
[TimeControl "180+2"]
[Date "2023.06.20"]
[WhiteClock "0:00:15"]
[BlackClock "0:00:25"]
[Board "102"]

1. e4 e6 2. d4 d5 3. exd5 exd5 4. Bd3 Nc6 5. c3 Bd6 6. Ne2 Nge7 7. O-O O-O 8. Bf4 Bf5 9. Bxf5 Nxf5 10. Bxd6 Nxd6 11. Nd2 f5 12. Nf4 Ne4 13. Nd3 Qd6 14. f3 Nxd2 15. Qxd2 Rae8 16. Rfe1 b6 17. Re2 Na5 18. b3 Rxe2 19. Qxe2 c5 20. Qe3 c4 21. b4 Nc6 22. Ne5 Nxe5 23. Qxe5 Qxe5 24. dxe5 f4 25. Rd1 Rd8 26. Rd4 g5 27. h4 h6 28. hxg5 hxg5 29. g3 fxg3 30. Kg2 Kf7 31. Kxg3 Ke6 32. f4 gxf4+ 33. Rxf4 Kxe5 34. Rh4 d4 35. cxd4+ Rxd4 36. Rh5+ Ke4 37. Kf2 Kd3 38. Rh3+ Kc2 39. Ke2 Re4+ 40. Kf1 c3 41. Rh2+ Kb1 42. Kf2 c2 43. Kf3 Rxb4 0-1


[Site "https://www.chess.com"]

[Event "Titled Tuesday Blitz June 20 Late 2023"]
[White "Hu, Merric"]
[Black "Sai Han Thiha"]
[WhiteFideId "30906660"]
[BlackFideId "13012290"]
[WhiteElo "1922"]
[BlackElo "1953"]
[Result "0-1"]
[Round "11"]
[TimeControl "180+2"]
[Date "2023.06.20"]
[WhiteClock "0:00:03"]
[BlackClock "0:00:13"]
[Board "103"]

1. d4 Nf6 2. Nc3 d5 3. Bf4 a6 4. h3 c5 5. e3 e6 6. Nf3 b5 7. Be2 Nbd7 8. O-O Bb7 9. a3 Be7 10. dxc5 Nxc5 11. b4 Nce4 12. Nxe4 Nxe4 13. a4 Nc3 14. Qd3 Nxa4 15. c3 Bf6 16. Rfc1 Rc8 17. Be5 O-O 18. Bd1 Nb2 19. Qe2 Nc4 20. Bg3 Nd6 21. Ne5 Ne4 22. Bh2 Rxc3 23. Bc2 Qc8 24. Qd1 Rc7 25. Bxe4 dxe4 26. Rxc7 Qxc7 27. Nd7 Qc8 28. Nxf6+ gxf6 29. Qd6 Kh8 30. Be5 fxe5 31. Qxe5+ f6 32. Qd6 Qe8 33. Rc1 Bd5 34. Rc7 Rg8 35. Qb6 Qg6 36. g3 Qh5 37. Qa7 Qg6 38. Re7 h5 39. Qc7 h4 40. g4 Bc4 41. Qb6 Rg7 42. Qd8+ Kh7 43. Re8 Rg8 44. Re7+ Kh6 45. Qd7 f5 46. Qd6 fxg4 47. Qf4+ Qg5 48. Qf7 gxh3+ 49. Kh2 Qg2# 0-1


[Site "https://www.chess.com"]

[Event "Titled Tuesday Blitz June 20 Late 2023"]
[White "Vargas, Mauricio"]
[Black "Prohorov, Olexandr"]
[WhiteFideId "4404572"]
[BlackFideId "14105578"]
[WhiteElo "1986"]
[BlackElo "1977"]
[Result "0-1"]
[Round "11"]
[TimeControl "180+2"]
[Date "2023.06.20"]
[WhiteClock "0:00:00"]
[BlackClock "0:00:08"]
[Board "104"]

1. e4 c5 2. Nc3 Nc6 3. f4 a6 4. Nf3 b5 5. g3 Bb7 6. Nd5 e6 7. Ne3 Nf6 8. d3 d5 9. e5 Nd7 10. c3 Qc7 11. Bg2 Be7 12. O-O g6 13. Qe1 h5 14. h3 Rc8 15. Kh2 Qb6 16. Rf2 a5 17. Nf1 a4 18. a3 h4 19. g4 Ba8 20. g5 Rh7 21. Ne3 d4 22. Ng4 Rd8 23. Nd2 dxc3 24. bxc3 Na5 25. Bxa8 Rxa8 26. Ne4 Nb3 27. Rb1 Rc8 28. Be3 Qc6 29. Ngf6+ Nxf6 30. gxf6 Bf8 31. Ng5 Rh5 32. Rg2 c4 33. d4 Bxa3 34. Qd1 Qd5 35. Qc2 Bf8 36. Nxf7 Rf5 37. Rxg6 Qf3 38. Nd6+ Bxd6 39. exd6 Qxe3 40. Rbg1 Qxf4+ 41. Kh1 Qf3+ 42. Kh2 Kd7 43. Rg7+ Kxd6 44. f7 Qf4+ 45. Kh1 Nd2 46. Qd1 Qe4+ 47. Kh2 Nf3+ 0-1